 Dungeon Crawl Stone Soup version 0.31-a0-319-g4fced400ed (webtiles) character file.

Game seed: 16788980454725421179

68 LeprechaunX the Changeling (level 4, -4/30 HPs)
             Began as an Octopode Shapeshifter on July 17, 2023.
             Killed by divine providence
             ... invoked by an orc priest
              (9 damage)
             ... on level 3 of the Dungeon.
             The game lasted 00:01:52 (1656 turns).

LeprechaunX the Changeling (Octopode Shapeshifter)  Turns: 1656, Time: 00:01:52

Health: -4/30      AC:  1    Str: 16    XL:     4   Next: 19%
Magic:  4/4        EV: 13    Int: 10    God:
Gold:   35         SH:  0    Dex: 12    Spells: 3/3 levels left

rFire   . .          .
                       - Unarmed
rCold   . . .        (no shield)
rNeg    . . .        (helmet currently unavailable)
rPois   .            (no amulet)
rElec   .            (no ring)
rCorr   .            (no ring)
SInv    .            (no ring)
Will    .....        (no ring)
Stlth   ++           (no ring)
HPRegen 0.25/turn    (no ring)
MPRegen 0.09/turn    (no ring)
                     (no ring)

%: no passive effects
@: beast-form
A: beast (slay +2), almost no armour, amphibious, 8 rings, camouflage 1,
gelatinous body 1, (nimble swimmer 1), tentacles
a: Begin Untransformation


You were on level 3 of the Dungeon.
You were a hulking beast.
You visited 1 branch of the dungeon, and saw 3 of its levels.

You collected 35 gold pieces.

Inventory:

Missiles
 i - 4 poisoned darts (quivered)
Talismans
 b - a beast talisman
Scrolls
 d - 2 scrolls of poison {unknown}
 h - a scroll of noise {unknown}
Potions
 a - a potion of lignification
 c - 2 potions of curing {unknown}
 e - a potion of heal wounds {unknown}
 f - a potion of mutation {unknown}
 g - a potion of berserk rage {unknown}
 j - a potion of cancellation {unknown}


   Skills:
 + Level 2.5 Fighting
 + Level 2.4 Dodging
 * Level 2.9 Unarmed Combat
 * Level 3.5 Shapeshifting


You had 3 spell levels left.
You didn't know any spells.
Your spell library contained the following spells:

 Spells                   Type           Power      Damage    Failure   Level
 Sublimation of Blood     Necr           0%         N/A       50%         2
 Wereblood                Tmut           0%         N/A       50%         2
 Summon Hydra             Summ           0%         N/A       100%        7


Dungeon Overview and Level Annotations

Branches:
Dungeon (3/15)

Altars:
Uskayaw

Shops:
D:1 !


Innate Abilities, Weirdness & Mutations

You are a hulking beast.
Your limbs bulge with bestial killing power. (Slay +2)
You cannot wear most types of armour.
You are amphibious.
You can wear up to eight rings at the same time.
Your skin changes colour to match your surroundings (Stealth+).
Your rubbery body absorbs attacks. (AC +1, EV +1)
((You are camouflaged when in or above water. (Stealth+)))
You have tentacles for arms and can constrict up to eight enemies at once.


Message History

The orc priest shouts!
The dart slug launches a dart at you. The slug dart misses you.
You feel a bit more experienced.
Throw: 6 darts (poison)
Press: ? - help, Q - select action Shift-Dir - straight line, f - orc priest
Aim: an orc priest, wielding a +0 club (57% to hit)
You throw a poisoned dart.
The poisoned dart barely misses the orc priest.
Throw: 5 darts (poison)
Press: ? - help, Q - select action Shift-Dir - straight line, f/p - orc priest
Aim: an orc priest, wielding a +0 club (59% to hit)
You throw a poisoned dart.
The poisoned dart barely misses the orc priest.
The orc priest invokes the aid of Beogh against you.
Beogh smites you!
The orc priest invokes the aid of Beogh against you.
You barely resist.
There is a stone staircase leading up here.
The orc priest mumbles some strange prayers to Beogh against you.
Pain shoots through your body!
There is a stone staircase leading up here.
The orc priest hits you with a +0 club.
* * * LOW HITPOINT WARNING * * *
You are too injured to fight recklessly!
You are too injured to fight recklessly!
You are too injured to fight recklessly!
You are too injured to fight recklessly!
You barely miss the orc priest. Your grab misses the orc priest.
The orc priest hits you with a +0 club.
* * * LOW HITPOINT WARNING * * *
You bludgeon the orc priest! Your grab misses the orc priest.
The orc priest is heavily wounded.
The orc priest hits you with a +0 club.
* * * LOW HITPOINT WARNING * * *
You tentacle-slap the orc priest. Your grab misses the orc priest.
The orc priest is heavily wounded.
The orc priest invokes the aid of Beogh against you.
Beogh smites you!
You die...

# ....# # #. ####..#....
#####.###.......#
.......>(..####.#
##...†)..$# #<##
#.#####..# #..####.##
#.#..(#.## #.........
~...#..(#..####.#.###..#
~~..#####..oh<..#.#
~.#..........####.# .
#..._......# .#
#......#...# .#
#..##.###..# .# ......
.... .# #####? ......
##..... #..##


You could see 2 dancing weapons and an orc priest.

Vanquished Creatures
  2 adders (D:2)
  2 dart slugs
  An orc (D:3)
  6 bats
  4 endoplasms
  6 goblins
  3 hobgoblins (D:1)
  4 jackals (D:3)
  3 kobolds
  4 ball pythons (D:1)
  2 frilled lizards (D:2)
  6 rats
43 creatures vanquished.

Notes
Turn   | Place    | Note
-------+----------+-------------------------------------------
     0 | D:1      | LeprechaunX the Octopode Shapeshifter began the quest for
                  | the Orb.
     0 | D:1      | Reached XP level 1. HP: 14/14 MP: 1/1
    63 | D:1      | Reached XP level 2. HP: 19/19 MP: 2/2
   400 | D:1      | Found Muthreu's Distillery.
   574 | D:1      | Reached XP level 3. HP: 21/25 MP: 3/3
  1427 | D:2      | Found a faded altar of an unknown god.
  1591 | D:3      | Found a hide-covered altar of Uskayaw.
  1591 | D:3      | Noticed a +0 dagger
  1591 | D:3      | Noticed a +0 dagger
  1595 | D:3      | Reached XP level 4. HP: 30/30 MP: 4/4
  1656 | D:3      | Killed from afar by an orc priest

Illustrated notes

Levels and vault maps discovered:
D:1:      ebering_trefoil_3fold, layout_basic, serial_shops, shop,
          amcnicky_mini_rare_corridor_liquid, serial_bayou_lake_a
D:2:      layout_loops_ring, dreamdust_ecumenical_altar_angels_and_demons
D:3:      layout_loops_ring, old_standard_altar, dancing_weapons_uskayaw,
          okawaru_trees_1, mainiacjoe_overflow_catwalk_spiral, serial_undead,
          serial_undead_d, serial_undead_e, serial_undead_f, serial_undead_a,
          minmay_misc_feat_plants, minmay_checkerbox

Action                     |  1- 3 |  4- 6 || total
---------------------------+-------+-------++-------
  Melee: Unarmed           |    65 |    11 ||    76
         Constrict         |    20 |     3 ||    23
         Tentacles         |    10 |     2 ||    12
         Punch             |     3 |       ||     3
  Throw: Dart              |       |     3 ||     3
   Stab: Sleeping          |     8 |       ||     8
 Armour: Skin              |     7 |       ||     7
  Dodge: Dodged            |    34 |     8 ||    42

Table legend: (Time is in decaauts)
 A = Elapsed time spent in this place.
 B = Non-inter-level travel time spent in this place.
 C = Inter-level travel time spent in this place.
 D = Time resting spent in this place.
 E = Time spent auto-exploring this place.
 F = Levels seen in this place.
 G = Mean time per level.
                   A        B        C        D        E       F      G
               +--------+--------+--------+--------+--------+-----+--------+
         Total |   1652 |   1597 |     55 |      0 |   1338 |   3 |  550.7 |
       Dungeon |   1652 |   1597 |     55 |      0 |   1338 |   3 |  550.7 |
               +--------+--------+--------+--------+--------+-----+--------+

Top non-repeatable levels by time:
     D:1: 959 daAuts
     D:2: 622 daAuts
     D:3: 71 daAuts
